 Dungeon Crawl Stone Soup version 0.31-a0-1540-g5a0b83f448 (webtiles) character file.

Game seed: 10983474668917977546

2750 MisterAzrael the Mimic (level 9, -2/64 HPs)
             Began as an Octopode Shapeshifter on Jan 2, 2024.
             Was a Follower of Ashenzari.
             Constricted to death by Maurice (7 damage)
             ... on level 8 of the Dungeon.
             The game lasted 00:15:11 (7388 turns).

MisterAzrael the Mimic (Octopode Shapeshifter)      Turns: 7388, Time: 00:15:12

Health: -2/64      AC:  9    Str: 22    XL:     9   Next: 68%
Magic:  4/12       EV:  8    Int: 18    God:    Ashenzari [*.....]
Gold:   1284       SH:  0    Dex: 14    Spells: 9/12 levels left

rFire   . .          .
                       - Unarmed
rCold   . . .        (shield currently unavailable)
rNeg    . . .        (helmet currently unavailable)
rPois   +            m - amulet of magic regeneration
rElec   .            q - ring "Circumscribed Together" {rCorr, Comp, Cun} (curse)
rCorr   +            r - ring "Eternal Together" {Will+ Int+6, Cun, Melee} (curse)
SInv    .            g - ring of Starshine {EV+5 Dex+2}
Will    +....        (no ring)
Stlth   +            (no ring)
HPRegen 0.30/turn    (no ring)
MPRegen 0.53/turn    (no ring)
                     (no ring)

%: no passive effects
@: about to teleport, snake-form, grasped by roots, held, constricted
A: constrict, boosted hp, almost no armour, amphibious, 8 rings, large,
(camouflage 1), (gelatinous body 1), (nimble swimmer 1), (tentacles)
a: Begin Untransformation, Renounce Religion, Shatter the Chains


You were on level 8 of the Dungeon.
You worshipped Ashenzari.
Ashenzari was aware of your devotion.
You were an enormous serpent.
You visited 1 branch of the dungeon, and saw 8 of its levels.

You collected 1424 gold pieces.
You spent 140 gold pieces at shops.

Inventory:

Armour
 d - the +2 ratskin cloak {*Rats rPois rN+ Str-1 Int-1 Dex+1}
   (You found it on level 7 of the Dungeon)

   *Rats:     When the wearer is hurt, rats may emerge from it to assist them.
   Str-1:     It affects your strength (-1).
   Int-1:     It affects your intelligence (-1).
   Dex+1:     It affects your dexterity (+1).
   rPois:     It protects you from poison rN+: It protects you from negative
   energy.
Jewellery
 g - the ring of Starshine (on tentacle) {EV+5 Dex+2}
   (You found it on level 8 of the Dungeon)

   [ring of evasion]

   EV+5:      It affects your evasion (+5).
   Dex+2:     It affects your dexterity (+2).
 m - an amulet of magic regeneration (around neck)
 q - the cursed ring "Circumscribed Together" (left tentacle) {rCorr, Comp, Cun}
   (You found it on level 3 of the Dungeon)

   [ring of resist corrosion]

   rCorr:     It protects you from acid and corrosion.
   It has a curse which improves the following skills: Companions: Summonings
   and Necromancy.
   Cunning:   Dodging and Stealth.
 r - the cursed ring "Eternal Together" (right tentacle) {Will+ Int+6, Cun, Melee}
   (You found it on level 3 of the Dungeon)

   [ring of intelligence]

   Int+6:     It affects your intelligence (+6).
   Will+:     It increases your willpower.
   It has a curse which improves the following skills: Cunning: Dodging and
   Stealth.
   Melee Combat: Short Blades, Long Blades, Axes, Maces & Flails, Polearms,
   Staves and Unarmed Combat.
Talismans
 b - a beast talisman
 c - a flux talisman
Wands
 v - a wand of roots (19)
Scrolls
 a - 4 scrolls of enchant armour
 k - a scroll of amnesia
 l - 5 scrolls of identify
 s - 4 scrolls of enchant weapon
 u - a scroll of torment
 w - a scroll of vulnerability
 y - 2 scrolls of fear
Potions
 e - 2 potions of enlightenment
 f - 2 potions of mutation
 h - a potion of curing
 i - a potion of haste


   Skills:
 + Level 2.3 Fighting
 + Level 2.9(4.0) Dodging
 + Level 3.8(4.5) Unarmed Combat
 - Level 2.3 Spellcasting
 * Level 2.7 Conjurations
 - Level 11.1 Shapeshifting


You had 9 spell levels left.
You knew the following spells:

 Your Spells              Type           Power      Damage    Failure   Level
a - Magic Dart            Conj           44%        1d5       6%          1
b - Blink                 Tloc           4%         N/A       26%         2

Your spell library contained the following spells:

 Spells                   Type           Power      Damage    Failure   Level
 Sting                    Conj/Alch      24%        1d4       10%         1
 Necrotise                Necr           8%         1d4       17%         1
 Summon Small Mammal      Summ           8%         N/A       17%         1
 Apportation              Tloc           4%         N/A       19%         1
 Call Imp                 Summ           4%         N/A       26%         2
 Stone Arrow              Conj/Erth      12%        3d7       30%         3
 Vampiric Draining        Necr           2%         2d6       45%         3
 Volatile Blastmotes      Fire/Tloc      4%         2d10      47%         3
 Fulminant Prism          Conj/Alch      3%         3d5       69%         4
 Iskenderun's Mystic Bla  Conj/Tloc      6%         2d4       69%         4
 Martyr's Knell           Necr/Summ      2%         N/A       86%         4
 Curse of Agony           Necr           2%         N/A       99%         5
 Lehudib's Crystal Spear  Conj/Erth      3%         10d2      100%        8
 Animate Armour           Summ/Erth      Unusable   N/A       N/A         4

Dungeon Overview and Level Annotations

Branches:
Dungeon (8/15)             Temple (0/1) D:7
   Lair: D:8-11

Altars:
Ashenzari
Elyvilon
Makhleb

Shops:
D:4 [!=

Annotations:
D:8 Maurice


Innate Abilities, Weirdness & Mutations

You are an enormous serpent.
You have a powerful constriction melee attack.
Your maximum health is increased.
Your armour is entirely melded.
You are incapable of wielding weapons or throwing items.
You cannot wear most types of armour.
You are amphibious.
You can wear up to eight rings at the same time.
((Your skin changes colour to match your surroundings (Stealth+).))
((Your rubbery body absorbs attacks. (AC +1, EV +1)))
((You are camouflaged when in or above water. (Stealth+)))
((You have tentacles for arms and can constrict up to eight enemies at once.))


Message History

You feel yourself slow down.
The grasping roots release their grip on you.
You hear a zap.
The roots erupt in riotous growth!
The grasping roots grab you!
You are constricted.
* * * LOW HITPOINT WARNING * * *
You escape the roots grasp.
A throwing net appears from out of thin air!
The throwing net hits you.
You become entangled in the net!
You see here a throwing net.
You feel better.
You hear a zap.
The roots erupt in riotous growth!
The grasping roots grab you!
You are constricted.
* * * LOW HITPOINT WARNING * * *
You feel better.
You are constricted.
* * * LOW HITPOINT WARNING * * *
You struggle against the net.
Something hits you but does no damage. Something bites you.
* * * LOW HITPOINT WARNING * * *
You feel your power leaking away. Something drains your magic.
You are constricted.
As you read the scroll of teleportation, it crumbles to dust.
You feel strangely unstable. Something hits you.
* * * LOW HITPOINT WARNING * * *
Something steals your throwing net! Something bites you.
* * * LOW HITPOINT WARNING * * *
You feel your power leaking away. Something drains your magic.
You are constricted!
* * * LOW HITPOINT WARNING * * *
You feel better. Something hits you.
* * * LOW HITPOINT WARNING * * *
Something steals 109 gold pieces!
You now have 1284 gold pieces.
Something bites you.
* * * LOW HITPOINT WARNING * * *
You feel your power leaking away. Something drains your magic.
You are constricted!
You die...

#............#.###.........
#.#.#####..............###.
.#####.#<........######.........
.......########.## #.........
####.### #.# ##.##.###. #.#
##+## #.# ..# #.# ##..[##
#.###.# #.## ##.....## #.... .
#..## ##....S..## ##.## ##
####...####.....{...####...#.#
..........+.........'........#
####...####.........####...#.#
#..## ##.......## #.## ..##
##.....## ## ### ##...## ##'##
#.#


There were no monsters in sight!

Vanquished Creatures
  Sigmund (D:2)
  A water moccasin (D:7)
  A sky beast (D:7)
  An orc warrior (D:7)
  2 ogres
  2 phantoms
  3 bullfrogs (D:7)
  A necrophage (D:6)
  3 scorpions
  7 wights
  A water moccasin skeleton (D:6)
  2 howler monkeys (D:8)
  A spectral centaur (D:6)
  A bombardier beetle (D:3)
  2 jellies
  2 hounds
  A centaur skeleton (D:6)
  3 orc priests
  2 sleepcaps (D:4)
  2 iguanas
  7 orc wizards
  5 hell rats (D:7)
  A killer bee simulacrum (D:6)
  6 gnolls
  4 adders
  16 river rats (D:7)
  2 ufetubi (D:5)
  3 dart slugs
  A ribbon worm (D:2)
  17 orcs
  3 bats
  9 endoplasms
  5 giant cockroaches
  3 goblins
  10 hobgoblins
  8 jackals
  4 quokkas
  7 ball pythons
  4 frilled lizards
  4 kobolds
  6 rats
  A butterfly (D:7)
165 creatures vanquished.

Notes
Turn   | Place    | Note
-------+----------+-------------------------------------------
     0 | D:1      | MisterAzrael the Octopode Shapeshifter began the quest for
                  | the Orb.
     0 | D:1      | Reached XP level 1. HP: 13/13 MP: 1/1
   110 | D:1      | Reached XP level 2. HP: 18/18 MP: 2/2
   403 | D:1      | Reached XP level 3. HP: 23/23 MP: 3/3
   465 | D:1      | Reached skill level 4 in Shapeshifting
  1067 | D:2      | Noticed a scorpion
  1074 | D:2      | Killed a scorpion
  1075 | D:2      | Reached skill level 5 in Shapeshifting
  1075 | D:2      | Reached XP level 4. HP: 25/28 MP: 4/4
  1113 | D:2      | Reached XP level 5. HP: 23/33 MP: 5/5
  1221 | D:2      | Learned a level 1 spell: Magic Dart
  1224 | D:2      | Learned a level 2 spell: Blink
  1751 | D:2      | Noticed Sigmund
  1776 | D:2      | Killed Sigmund
  1777 | D:2      | Reached skill level 6 in Shapeshifting
  1777 | D:2      | Reached XP level 6. HP: 38/38 MP: 6/9
  2569 | D:3      | Found a burning altar of Makhleb.
  2701 | D:3      | Identified the ring of Nemintegu {Will+ Int+6}
  2925 | D:4      | Found Uninol's Jewellery Boutique.
  3101 | D:4      | Reached XP level 7. HP: 42/43 MP: 10/10
  3120 | D:4      | Reached skill level 7 in Shapeshifting
  3196 | D:4      | Found Kaybbaus's Antique Armour Boutique.
  3198 | D:4      | Found Yzufiewo's Distillery.
  3207 | D:4      | Bought a potion of heal wounds for 70 gold pieces
  3207 | D:4      | Bought a potion of heal wounds for 70 gold pieces
  3679 | D:5      | Entered Level 5 of the Dungeon
  4463 | D:6      | Found a broken altar of Ashenzari.
  4467 | D:6      | Reached skill level 8 in Shapeshifting
  4467 | D:6      | Reached XP level 8. HP: 39/48 MP: 11/11
  4486 | D:6      | Became a worshipper of Ashenzari the Shackled
  4616 | D:6      | Reached skill level 9 in Shapeshifting
  5090 | D:6      | Reached skill level 10 in Shapeshifting
  5155 | D:6      | Identified the +6 dagger of the Scorpion {pain, Int+5 SInv}
  5406 | D:7      | Reached XP level 9. HP: 53/53 MP: 12/12
  5828 | D:7      | Reached skill level 11 in Shapeshifting
  6023 | D:7      | Reached skill level 1 in Conjurations
  6510 | D:7      | Found a staircase to the Ecumenical Temple.
  6823 | D:7      | Found the +2 ratskin cloak {*Rats rPois rN+ Str-1 Int-1
                  | Dex+1}
  7020 | D:8      | Noticed Maurice
  7101 | D:8      | Reached * piety under Ashenzari
  7101 | D:8      | Identified a scroll of acquirement
  7102 | D:8      | Acquired 1125 gold pieces
  7164 | D:8      | Found a white marble altar of Elyvilon.
  7199 | D:8      | Identified the ring of Starshine {EV+5 Dex+2}
  7347 | D:8      | Something stole a serpent talisman
  7374 | D:8      | Something stole the +6 dagger of the Scorpion {pain, Int+5
                  | SInv}
  7377 | D:8      | Something stole a +0 kite shield
  7379 | D:8      | Something stole 2 throwing nets
  7380 | D:8      | Something stole 42 gold
  7387 | D:8      | Something stole a throwing net
  7387 | D:8      | HP: 1/64 [something (7)]
  7388 | D:8      | Something stole 109 gold
  7388 | D:8      | Constricted to death by Maurice

Illustrated notes

Levels and vault maps discovered:
D:1:      dpeg_arrival_solitude, layout_basic
D:2:      layout_basic, minivault_5, uniq_sigmund
D:3:      layout_rooms, general_overflow_altar, minivault_27, minivault_19
D:4:      layout_basic, serial_shops, nicolae_shop_peninsula,
          nicolae_wooded_promenade
D:5:      layout_gridville
D:6:      layout_loops_cross, evilmike_ruin_ashenzari, dilly_guarded_unrand_morg
D:7:      wander_guarded_unrand_ratskin, layout_rooms,
          minmay_temple_entry_butterflies, serial_corexii_hall,
          chequers_hall_statues_corner_a, corexii_hall_statues_i,
          chequers_hall_statues_y
D:8:      layout_loops_corners, elyvilon_altar_1, jmf_multi_god_temple2,
          lair_entry_dummy, uniq_maurice

Skill      XL: |  1  2  3  4  5  6  7  8  9 |
---------------+----------------------------+-----
Shapeshifting  | 5 6 8 10 11 | 11.1
Spellcasting   | 2 |  2.3
Conjurations   | 2 |  2.7
Fighting       | 2 |  2.3
Dodging        | |  2.9
Unarmed Combat | |  3.8

Action                     |  1- 3 |  4- 6 |  7- 9 || total
---------------------------+-------+-------+-------++-------
  Melee: Unarmed           |    66 |   108 |   282 ||   456
         Constrict         |    15 |    35 |    61 ||   111
         Tentacles         |    13 |    30 |    11 ||    54
         Punch             |       |     1 |       ||     1
   Cast: Magic Dart        |       |       |     2 ||     2
 Invoke: Curse Item        |       |       |     2 ||     2
    Use: Potion            |       |     2 |     9 ||    11
         Scroll            |       |       |    10 ||    10
   Stab: Sleeping          |    12 |     3 |     2 ||    17
 Armour: Skin              |    20 |    47 |   219 ||   286
  Dodge: Dodged            |    30 |    91 |   148 ||   269
  Block: Kite shield       |       |     2 |       ||     2
   Form: Flux              |       |     1 |       ||     1
         Serpent           |       |       |     1 ||     1

Table legend: (Time is in decaauts)
 A = Elapsed time spent in this place.
 B = Non-inter-level travel time spent in this place.
 C = Inter-level travel time spent in this place.
 D = Time resting spent in this place.
 E = Time spent auto-exploring this place.
 F = Levels seen in this place.
 G = Mean time per level.
                   A        B        C        D        E       F      G
               +--------+--------+--------+--------+--------+-----+--------+
         Total |   7347 |   6860 |    487 |   1307 |   4280 |   8 |  918.4 |
       Dungeon |   7347 |   6860 |    487 |   1307 |   4280 |   8 |  918.4 |
               +--------+--------+--------+--------+--------+-----+--------+

Top non-repeatable levels by time:
     D:2: 1532 daAuts
     D:7: 1375 daAuts
     D:6: 994 daAuts
     D:1: 947 daAuts
     D:4: 772 daAuts
     D:5: 717 daAuts
     D:8: 588 daAuts
     D:3: 419 daAuts
